 Dungeon Crawl Stone Soup version 0.28-a0-1616-g050a50673c (console) character file.

Game seed: 8137017204948506829

51 Melian the Skirmisher (level 3, -4/34 HPs)
             Began as a Minotaur Berserker on Jan 22, 2022.
             Was a Follower of Trog.
             Killed from afar by a white imp (10 damage)
             ... with a puff of frost
             ... summoned by Natasha
             ... on level 2 of the Dungeon.
             The game lasted 00:03:37 (1103 turns).

Melian the Skirmisher (Minotaur Berserker)          Turns: 1103, Time: 00:03:39

Health: -4/34      AC:  3    Str: 23    XL:     3   Next: 58%
Magic:  2/2        EV: 12    Int:  4    God:    Trog [*.....]
Gold:   50         SH:  0    Dex:  9    Spells: 2/2 levels left

rFire   . . .      SeeInvis .   a - +0 hand axe
rCold   . . .      Faith    .   (no shield)
rNeg    . . .      Spirit   .   e - +0 leather armour {Will+}
rPois   .          Reflect  .   (helmet restricted)
rElec   .          Harm     .   (no cloak)
rCorr   .          Rampage  .   (no gloves)
Will    +....                   (no boots)
Stlth   +.........              (no amulet)
HPRegen 0.11/turn               (no ring)
MPRegen 0.08/turn               (no ring)

@: on berserk cooldown
A: horns 2, retaliatory headbutt
a: Renounce Religion, Berserk


You were on level 2 of the Dungeon.
You worshipped Trog.
Trog was aware of your devotion.
You visited 1 branch of the dungeon, and saw 2 of its levels.

You collected 50 gold pieces.

Inventory:

Hand Weapons
 a - a +0 hand axe (weapon)
Armour
 e - a +0 leather armour of willpower (worn)
Scrolls
 d - a scroll of identify {unknown}
Potions
 b - a potion of cancellation {unknown}
 c - a potion of lignification {unknown}


   Skills:
 + Level 4.5 Fighting
 + Level 4.5 Axes
 - Level 2.7 Armour
 - Level 2.4 Dodging


You had 2 spell levels left.
You didn't know any spells.
Your spell library was empty.

Dungeon Overview and Level Annotations

Branches:
Dungeon (2/15)

Altars:

Annotations:
D:2 Natasha


Innate Abilities, Weirdness & Mutations

You have a pair of horns on your head.
You reflexively headbutt those who attack you in melee.


Message History

Trog accepts your kill.
The withered plant crumbles away.
You slash the jackal skeleton!
You destroy the jackal skeleton!
Trog accepts your kill.
Found an inky potion.
You feel a strong urge to attack something.
You are no longer berserk.
You are exhausted.
You feel yourself slow down.
Natasha, Servant of Life and Death comes into view.
Natasha casts a spell at you. The magic dart hits you.
Natasha wildly gestures.
Natasha shimmers violently.
Natasha barely misses you.
You closely miss Natasha.
Natasha stares at you and mumbles some strange words.
You resist with almost no effort. Natasha closely misses you.
You miss Natasha. You headbutt Natasha, but do no damage. Natasha claws you!
You barely miss Natasha. Your headbutt misses Natasha.
Natasha casts a spell.
Natasha claws you!
* * * LOW HITPOINT WARNING * * *
Okay, then.
You slash Natasha!
Natasha is heavily wounded.
You hit the white imp. Natasha closely misses you.
The white imp closely misses you. You furiously retaliate!
You headbutt the white imp, but do no damage.
You hit Natasha but do no damage. You headbutt Natasha.
Natasha is almost dead.
You barely miss the white imp.
You feel yourself speed up. Natasha claws you.
* * * LOW HITPOINT WARNING * * *
The white imp hits you but does no damage.
Natasha barely misses you. The white imp gestures at you.
The puff of frost hits you!
You die...

#.......!
.#.#.#.
#...P.. ..P..#
#P...# #....
#5h# #@#
.###########.#
.......<.....#
.########.####
#.# #.# #.#
#.# #.# #.#
..#


You could see Natasha and a white imp (summoned).

Vanquished Creatures
  Natasha (D:2)
  An adder skeleton (D:2)
  2 ball pythons (D:1)
  4 endoplasms
  A giant cockroach (D:1)
  2 goblins (D:1)
  3 hobgoblins (D:1)
  A quokka (D:1)
  2 bats (D:1)
  2 frilled lizards
  A jackal skeleton (D:2)
  3 kobolds (D:1)
  A rat (D:1)
24 creatures vanquished.

Vanquished Creatures (others)
  2 withered plants (D:2)
2 creatures vanquished.

Grand Total: 26 creatures vanquished

Notes
Turn   | Place    | Note
-------+----------+-------------------------------------------
     0 | D:1      | Melian the Minotaur Berserker began the quest for the Orb.
     0 | D:1      | Reached XP level 1. HP: 19/19 MP: 0/0
     0 | D:1      | Noticed an elf
     0 | D:1      | Noticed a dwarf
     2 | D:1      | Noticed a merfolk
     6 | D:1      | Noticed a troll
     9 | D:1      | Noticed a gargoyle
    11 | D:1      | Noticed a dwarf
    19 | D:1      | Noticed a ghoul
   125 | D:1      | Reached XP level 2. HP: 25/27 MP: 1/1
   765 | D:1      | Found a faded altar of an unknown god.
  1065 | D:2      | Noticed Natasha
  1074 | D:2      | Killed Natasha
  1075 | D:2      | Reached XP level 3. HP: 34/34 MP: 2/2
  1094 | D:2      | Noticed Natasha
  1103 | D:2      | Killed from afar by a white imp

Illustrated notes

Levels and vault maps discovered:
D:1:      shiori_arrival_whats_in_store_for_you, layout_loops_ring,
          shapermc_ecumenical_altar_flowoftime
D:2:      layout_loops_ring, serial_undead, serial_undead_f, serial_undead_e,
          serial_undead_c, serial_undead_b, guppyfry_early_orc_mine,
          uniq_natasha, uniq_terence

Skill      XL: |  1  2 |
---------------+-------+-----
Axes           | 4 |  4.5
Fighting       | 4 |  4.5
Armour         | |  2.7
Dodging        | |  2.4

Action                   || total
-------------------------++-------
Melee: Hand axe          ||    54
       Headbutt          ||    10
Invok: Berserk           ||     1
Armor: Animal skin       ||     3
       Leather armour    ||     4
Dodge: Dodged            ||    27

Table legend: (Time is in decaauts)
 A = Elapsed time spent in this place.
 B = Non-inter-level travel time spent in this place.
 C = Inter-level travel time spent in this place.
 D = Time resting spent in this place.
 E = Time spent auto-exploring this place.
 F = Levels seen in this place.
 G = Mean time per level.
                   A        B        C        D        E       F      G
               +--------+--------+--------+--------+--------+-----+--------+
         Total |   1115 |   1046 |     69 |      0 |    853 |   2 |  557.5 |
       Dungeon |   1115 |   1046 |     69 |      0 |    853 |   2 |  557.5 |
               +--------+--------+--------+--------+--------+-----+--------+

Top non-repeatable levels by time:
     D:1: 1062 daAuts
     D:2: 52 daAuts
